 Dungeon Sprint DCSS version 0.21-a0-251-g5e8393f (webtiles) character file.

10112 Kidiri the Eclecticist (level 11, -5/74 HPs)
             Began as a Deep Elf Fire Elementalist on Sept 5, 2017.
             Was the Champion of Vehumet.
             Slain by an anaconda (13 damage)
             ... in the Dungeon (Sprint III: "The Ten Rune Challenge").
             The game lasted 00:14:11 (2594 turns).

Kidiri the Eclecticist (Deep Elf Fire Elementalist) Turns: 2594, Time: 00:14:12

Health: -5/74      AC:  7    Str:  5    XL:     11   Next: 31%
Magic:  15/34      EV: 16    Int: 24    God:    Vehumet [******]
Gold:   87         SH:  0    Dex: 15    Spells: 2/45 levels left

rFire    . . .     SeeInvis .   p - +0 dagger
rCold    . . .     Gourm    .   (no shield)
rNeg     . . .     Faith    .   a - +0 robe
rPois    .         Spirit   .   (helmet restricted)
rElec    .         Reflect  .   m - +1 cloak
rCorr    .         Harm     .   (no gloves)
MR       ++...     NoTele   +   (no boots)
Stlth    ++++......             (no amulet)
HPRegen  0.22/turn              k - ring of protection from magic
MPRegen  0.24/turn              (no ring)

@: constricted
A: horns 1, slimy green scales 1, camouflage 2, blink, robust 1
a: Blink, Renounce Religion


You were in the Dungeon.
You worshipped Vehumet.
Vehumet was exalted by your worship.
You were not hungry.

You visited 1 branch You collected 87 gold pieces.

Inventory:

Hand Weapons
 p - a +0 dagger (weapon)
Missiles
 j - 6 throwing nets (quivered)
Armour
 a - a +0 robe (worn)
 m - a +1 cloak (worn)
Jewellery
 k - a ring of protection from magic (left hand)
Wands
 l - a wand of random effects (14/48)
Scrolls
 i - a scroll of blinking
 o - a scroll of immolation
 r - a scroll of fear {unknown}
 v - a scroll of random uselessness {unknown}
Potions
 b - a potion of might
 d - 2 potions of curing
 e - 2 potions of heal wounds
 f - a potion of haste
 g - 2 potions of magic
 h - 2 potions of berserk rage
 n - a potion of mutation
 t - 2 potions of lignification
 w - 2 potions of brilliance
Comestibles
 c - 2 bread rations
 q - 27 royal jellies


   Skills:
 + Level 7.7 Fighting
 - Level 8.3 Short Blades
 + Level 7.8 Armour
 - Level 10.5 Dodging
 - Level 2.4 Stealth
 * Level 17.7 Spellcasting
 + Level 11.2 Conjurations
 + Level 11.6 Fire Magic
 + Level 6.9 Ice Magic
 + Level 2.5 Air Magic
 + Level 6.8 Earth Magic


You had 2 spell levels left.
You knew the following spells:

 Your Spells              Type           Power        Failure   Level  Hunger
a - Flame Tongue          Conj/Fire      #####        0%          1    None
b - Throw Flame           Conj/Fire      ######       1%          2    None
c - Conjure Flame         Conj/Fire      ######..     1%          3    None
d - Inner Flame           Hex/Fire       #####...     1%          3    None
e - Sticky Flame          Conj/Fire      ######..     1%          4    None
f - Fireball              Conj/Fire      ######....   1%          5    None
g - Bolt of Fire          Conj/Fire      ######....   1%          6    ####...
h - Throw Icicle          Conj/Ice       ######..     1%          4    None
i - Bolt of Cold          Conj/Ice       ######....   2%          6    ####...
j - Freezing Cloud        Conj/Ice/Air   ######....   6%          6    ####...
k - Stone Arrow           Conj/Erth      ######       1%          3    None


Dungeon Overview and Level Annotations

Branches:
Dungeon (1/1)

Altars:
Cheibriados
Dithmenos
Elyvilon
Fedhas
Gozag
Hepliaklqana
Kikubaaqudgha
Makhleb
Nemelex Xobeh
Okawaru
Qazlal
Ru
Sif Muna
Trog
Uskayaw
Vehumet
Wu Jian
Xom
Yredelemnul
Zin
The Shining One
Beogh
Jiyva
Lugonu

Annotations:
D exclusion: 3 doors, Urug


Innate Abilities, Weirdness & Mutations

You have a pair of small horns on your head.
You are partially covered in slimy green scales. (AC +2)
Your skin blends seamlessly with your surroundings (Stealth++).
You can translocate small distances at will.
You are robust. (+10% HP)


Message History

Casting: Bolt of Fire
Confirm with . or Enter, or press ? or * to list all spells.
Aiming: Bolt of Fire
Press: ? - help, Shift-Dir - straight line, f/p - black mamba
Aim: a black mamba (almost dead)
The bolt of fire hits the black mamba.
You kill the black mamba!
Vehumet accepts your kill.
You feel your power returning. The anaconda misses you.
The anaconda constricts you. The anaconda barely misses you.
The anaconda constricts you.
Unknown command.
Casting: Bolt of Fire
Confirm with . or Enter, or press ? or * to list all spells.
Okay, then.
The anaconda's grasp on you weakens, but your attempt to escape fails.
The anaconda bites you!
* * * LOW HITPOINT WARNING * * *
x2 The anaconda constricts you.
The anaconda bites you!
You die...

#≈≈≈≈≈...#..#
#+≈≈≈≈≈####+#
..#≈≈...§..§.#
#.o#≈((+#######
####...#.)....#
#......#♣♣.._)#
#'#############
#..÷.....†..##
#.......@S%..#
###########..#
.........#
........##
#########


You could see an anaconda.

Vanquished Creatures
  Erolcha (D)
  2 hydras (D)
  A spriggan druid (D)
  A death drake (D)
  A deep elf mage (D)
  4 black mambas (D)
  3 wandering mushrooms (D)
  A queen bee (D)
  A shadow (D)
  2 spriggans (D)
  2 redbacks (D)
  A spatial vortex (D)
  7 water moccasins (D)
  A black mamba simulacrum (D)
  A necrophage (D)
  5 two-headed ogres (D)
  A water elemental (D)
  32 killer bees (D)
  An electric eel (D)
  A jelly (D)
  Crazy Yiuf (D)
  Jessica (D)
  A wizard (D)
  A necromancer (D)
  2 polar bear simulacra (D)
  A wolf simulacrum (D)
  3 humans (D)
  A kobold demonologist (D)
  3 adders (D)
  3 rats (D)
  2 plants (D)
88 creatures vanquished.

Vanquished Creatures (others)
  2 draconian scorchers (D)
  2 yaktaurs (D)
  6 hellions (D)
  2 plants (D)
12 creatures vanquished.

Grand Total: 100 creatures vanquished

Notes
Turn   | Place    | Note
-------+----------+-------------------------------------------
     0 | D        | Kidiri the Deep Elf Fire Elementalist began the quest for the Orb.
     0 | D        | Reached XP level 1. HP: 10/10 MP: 6/6
    38 | D        | Noticed Jessica
    42 | D        | Killed Jessica
    42 | D        | Reached skill level 6 in Spellcasting
    42 | D        | Reached XP level 2. HP: 15/15 MP: 0/11
    49 | D        | Learned a level 2 spell: Throw Flame
    96 | D        | Killed a hellion
    98 | D        | Killed a hellion
    99 | D        | Killed a yaktaur
    99 | D        | Killed a hellion
   108 | D        | Killed a hellion
   110 | D        | Killed a hellion
   145 | D        | Noticed Crazy Yiuf
   151 | D        | Killed Crazy Yiuf
   151 | D        | Reached skill level 7 in Spellcasting
   151 | D        | Reached skill level 5 in Fire Magic
   151 | D        | Reached XP level 3. HP: 19/19 MP: 9/14
   153 | D        | Killed a white draconian scorcher
   158 | D        | Reached skill level 8 in Spellcasting
   158 | D        | Reached XP level 4. HP: 24/24 MP: 3/16
   163 | D        | Learned a level 3 spell: Conjure Flame
   163 | D        | Killed a white draconian scorcher
   164 | D        | Killed a hellion
   167 | D        | Learned a level 3 spell: Inner Flame
   172 | D        | Learned a level 4 spell: Sticky Flame
   195 | D        | Gained mutation: Your system is resistant to poisons. (rPois) [potion of mutation]
   195 | D        | Gained mutation: Your skin changes colour to match your surroundings (Stealth+). [potion of mutation]
   195 | D        | Gained mutation: You are partially covered in slimy green scales. (AC +2) [potion of mutation]
   195 | D        | Gained mutation: Your skin blends seamlessly with your surroundings (Stealth++). [potion of mutation]
   196 | D        | Lost mutation: Your system is resistant to poisons. (rPois) [potion of mutation]
   196 | D        | Lost mutation: You are partially covered in slimy green scales. (AC +2) [potion of mutation]
   196 | D        | Gained mutation: You are partially covered in slimy green scales. (AC +2) [potion of mutation]
   196 | D        | Gained mutation: You are resistant to hostile enchantments. (MR+) [potion of mutation]
   196 | D        | Gained mutation: You have a pair of small horns on your head. [potion of mutation]
   197 | D        | Lost mutation: You are resistant to hostile enchantments. (MR+) [potion of mutation]
   197 | D        | Lost mutation: You have a pair of small horns on your head. [potion of mutation]
   197 | D        | Gained mutation: You can translocate small distances at will. [potion of mutation]
   197 | D        | Gained mutation: You are robust. (+10% HP) [potion of mutation]
   197 | D        | Gained mutation: You have a pair of small horns on your head. [potion of mutation]
   244 | D        | Noticed a water elemental
   249 | D        | Killed a water elemental
   249 | D        | Reached skill level 9 in Spellcasting
   249 | D        | Reached skill level 5 in Conjurations
   249 | D        | Reached XP level 5. HP: 25/30 MP: 12/19
   261 | D        | Learned a level 5 spell: Fireball
   296 | D        | Found a radiant altar of Vehumet.
   297 | D        | Found a deep blue altar of Sif Muna.
   297 | D        | Found an ancient bone altar of Kikubaaqudgha.
   300 | D        | Noticed a rust devil
   301 | D        | Reached skill level 10 in Spellcasting
   301 | D        | Reached skill level 1 in Fighting
   301 | D        | Reached skill level 1 in Armour
   316 | D        | Became a worshipper of Vehumet
   326 | D        | Killed a yaktaur
   355 | D        | Found a glowing silver altar of Zin.
   356 | D        | Found a glowing golden altar of the Shining One.
   356 | D        | Found a white marble altar of Elyvilon.
   356 | D        | Noticed a deep elf mage
   368 | D        | Killed a deep elf mage
   368 | D        | Reached skill level 5 in Dodging
   368 | D        | Reached skill level 12 in Spellcasting
   368 | D        | Reached XP level 6. HP: 30/40 MP: 12/23
   368 | D        | Reached XP level 7. HP: 33/45 MP: 12/24
   444 | D        | Found an ornate altar of the Wu Jian Council.
   444 | D        | Found a roughly hewn altar of Beogh.
   444 | D        | Found an iron altar of Okawaru.
   444 | D        | Found a bloodstained altar of Trog.
   444 | D        | Found a hide-covered altar of Uskayaw.
   444 | D        | Noticed a human
   447 | D        | Noticed a human
   448 | D        | Killed a human
   450 | D        | Killed a human
   450 | D        | Reached * piety under Vehumet
   450 | D        | Offered knowledge of Sting by Vehumet.
   518 | D        | Found a basalt altar of Yredelemnul.
   518 | D        | Found a shadowy altar of Dithmenos.
   518 | D        | Found a sacrificial altar of Ru.
   526 | D        | Reached skill level 13 in Spellcasting
   663 | D        | Noticed a shadow
   665 | D        | Killed a shadow
   665 | D        | Reached ** piety under Vehumet
   665 | D        | Offered knowledge of Searing Ray by Vehumet.
   665 | D        | Reached XP level 8. HP: 52/52 MP: 20/27
   700 | D        | Found a blossoming altar of Fedhas.
   700 | D        | Found a stormy altar of Qazlal.
   700 | D        | Found a snail-covered altar of Cheibriados.
   700 | D        | Found a burning altar of Makhleb.
   700 | D        | Found a shimmering altar of Xom.
   701 | D        | Found a hazy altar of Hepliaklqana.
   701 | D        | Found an opulent altar of Gozag.
   701 | D        | Found a sparkling altar of Nemelex Xobeh.
   701 | D        | Found a corrupted altar of Lugonu.
   701 | D        | Found a viscous altar of Jiyva.
   719 | D        | Reached skill level 5 in Short Blades
   808 | D        | Reached *** piety under Vehumet
   878 | D        | Noticed a two-headed ogre
   885 | D        | Killed a two-headed ogre
   885 | D        | Offered knowledge of Stone Arrow by Vehumet.
   885 | D        | Reached skill level 5 in Fighting
   885 | D        | Reached skill level 14 in Spellcasting
   890 | D        | Learned a level 3 spell: Stone Arrow
  1088 | D        | Noticed a two-headed ogre
  1088 | D        | Noticed Erolcha
  1093 | D        | Killed a two-headed ogre
  1093 | D        | Offered knowledge of Throw Icicle by Vehumet.
  1093 | D        | Reached skill level 5 in Armour
  1093 | D        | Reached skill level 1 in Earth Magic
  1093 | D        | Reached XP level 9. HP: 57/59 MP: 20/29
  1099 | D        | Learned a level 4 spell: Throw Icicle
  1108 | D        | Killed Erolcha
  1108 | D        | Reached **** piety under Vehumet
  1108 | D        | Offered knowledge of Yara's Violent Unravelling by Vehumet.
  1108 | D        | Reached skill level 15 in Spellcasting
  1318 | D        | Noticed a queen bee
  1321 | D        | Reached ***** piety under Vehumet
  1321 | D        | Offered knowledge of Bolt of Cold by Vehumet.
  1322 | D        | Reached skill level 10 in Fire Magic
  1328 | D        | Killed a queen bee
  1347 | D        | Learned a level 6 spell: Bolt of Cold
  1350 | D        | Reached XP level 10. HP: 19/66 MP: 7/31
  1350 | D        | Offered knowledge of Bolt of Fire by Vehumet.
  1350 | D        | Reached ****** piety under Vehumet
  1473 | D        | Learned a level 6 spell: Bolt of Fire
  1598 | D        | Offered knowledge of Lightning Bolt by Vehumet.
  1601 | D        | Reached skill level 16 in Spellcasting
  1693 | D        | Reached skill level 10 in Conjurations
  1799 | D        | Offered knowledge of Freezing Cloud by Vehumet.
  1863 | D        | Noticed a seven-headed hydra
  1864 | D        | Noticed an eight-headed hydra
  1865 | D        | Killed a seven-headed hydra
  1865 | D        | Reached skill level 10 in Dodging
  1865 | D        | Reached skill level 5 in Ice Magic
  1865 | D        | Reached skill level 5 in Earth Magic
  1867 | D        | Killed an eight-headed hydra
  1915 | D        | Noticed Urug
  1920 | D        | Noticed a death drake
  1922 | D        | Killed a death drake
  1922 | D        | Reached skill level 17 in Spellcasting
  1927 | D        | Found a blossoming altar of Fedhas.
  1927 | D        | Noticed a spriggan druid
  1931 | D        | Killed a spriggan druid
  1931 | D        | Reached XP level 11. HP: 73/73 MP: 14/34
  2020 | D        | Learned a level 6 spell: Freezing Cloud
  2026 | D        | Offered knowledge of Ozocubu's Refrigeration by Vehumet.
  2037 | D        | Reached skill level 1 in Air Magic
  2586 | D        | Noticed an anaconda
  2594 | D        | Slain by an anaconda

Vault maps used:
D:        dungeon_sprint_mu

Skill      XL: |  1  2  3  4  5  6  7  8  9 10 11 |
---------------+----------------------------------+-----
Spellcasting   | 6 7 8 9 12 13 14 15 17 | 17.7
Conjurations   | 3 4 5 7 8 9 10 11 | 11.2
Fire Magic     | 4 5 6 7 8 9 10 11 | 11.6
Fighting       | 3 4 5 6 7 |  7.7
Armour         | 3 4 5 6 7 |  7.8
Dodging        | 5 6 7 9 10 | 10.5
Short Blades   | 3 4 5 7 8 |  8.3
Earth Magic    | 1 4 6 |  6.8
Ice Magic      | 3 6 |  6.9
Air Magic      | 2 |  2.5
Stealth        | |  2.4

Action                   |  1- 3 |  4- 6 |  7- 9 | 10-12 || total
-------------------------+-------+-------+-------+-------++-------
Melee: Unarmed           |       |     1 |       |       ||     1
       Dagger            |       |       |     1 |    11 ||    12
       Headbutt          |       |       |       |     2 ||     2
 Cast: Flame Tongue      |    18 |     5 |    51 |    16 ||    90
       Conjure Flame     |       |     1 |    10 |     1 ||    12
       Sticky Flame      |       |     3 |    10 |     5 ||    18
       Inner Flame       |       |       |     7 |     1 ||     8
       Fireball          |       |       |     2 |     2 ||     4
       Stone Arrow       |       |       |     2 |       ||     2
       Bolt of Fire      |       |       |       |    22 ||    22
       Throw Icicle      |       |       |       |    10 ||    10
       Bolt of Cold      |       |       |       |     2 ||     2
       Freezing Cloud    |       |       |       |     1 ||     1
  Use: Scroll            |       |     5 |       |     2 ||     7
       Potion            |       |     3 |       |       ||     3
  Eat: Chunk             |       |       |     1 |       ||     1
       Royal jelly       |       |       |       |     2 ||     2
       Fruit             |       |       |       |     6 ||     6
Armor: Robe              |       |     2 |     1 |     2 ||     5
Dodge: Dodged            |     2 |     3 |    20 |    35 ||    60

Table legend:
 A = Spawn XP
 B = Non-spawn XP
 C = Spawn XP percentage of total XP
 D = Spawn monster count
 E = Non-spawn monster count
 F = Spawn count percentage of total count
 G = Total turns spent on level
                    A         B        C        D         E        F      G
               +---------+---------+-------+---------+---------+-------+---------
         Total |       0 |   14446 |   0.0 |       0 |      86 |   0.0 |  2594
               +---------+---------+-------+---------+---------+-------+---------
             D |       0 |   14446 |   0.0 |       0 |      86 |   0.0 |  2594
               +---------+---------+-------+---------+---------+-------+---------
